[Event "Titled Tuesday Blitz June 07 Late 2022"]
[White "Bernadskiy, Vitaliy"]
[Black "Zhurbinsky, David"]
[WhiteFideId "14100371"]
[BlackFideId "2072904"]
[WhiteElo "2473"]
[BlackElo "2558"]
[Result "0-1"]
[Round "07"]
[TimeControl "180+1"]
[Date "2022.06.07"]
[WhiteClock "0:01:47"]
[BlackClock "0:01:34"]

1. b3 e5 2. Bb2 Nc6 3. Nf3 e4 4. Nd4 Nxd4 5. Bxd4 c5 6. Bb2 d5 7. e3 Nf6 8. Bb5+ Bd7 9. Bxf6 gxf6 10. Bxd7+ Qxd7 11. O-O Rg8 12. Nc3 O-O-O 13. Qh5 Rg5 14. Qe2 Bd6 15. g3 h5 16. Kg2 h4 17. Rh1 Rdg8 18. Rag1 hxg3 19. Kf1 g2+ 0-1


[Site "https://www.chess.com"]

[Event "Titled Tuesday Blitz June 07 Late 2022"]
[White "Bluebaum, Matthias"]
[Black "Larino Nieto, David"]
[WhiteFideId "24651516"]
[BlackFideId "2256444"]
[WhiteElo "2556"]
[BlackElo "2532"]
[Result "1-0"]
[Round "07"]
[TimeControl "180+1"]
[Date "2022.06.07"]
[WhiteClock "0:00:15"]
[BlackClock "0:00:06"]

1. d4 e6 2. c4 b6 3. a3 Bb7 4. Nc3 d6 5. e4 Nd7 6. Nf3 h6 7. Be2 g5 8. Be3 Ne7 9. d5 e5 10. g4 Ng6 11. h4 gxh4 12. Qd2 a6 13. O-O-O Nc5 14. Kb1 a5 15. Rh2 Bc8 16. Rg1 a4 17. Bd1 Bd7 18. Bc2 Bg7 19. g5 hxg5 20. Bxg5 Bf6 21. Nxh4 Nxh4 22. Rxh4 Rxh4 23. Bxh4 Bxh4 24. Rg8+ Ke7 25. Rxd8 Rxd8 26. Qd1 Ra8 27. Qg1 Bf6 28. Ka2 Rh8 29. Qd1 Ra8 30. Ne2 Rg8 31. Ng3 Rg4 32. Nh5 Rh4 33. Nxf6 Kxf6 34. Qg1 Rh8 35. Qg3 Rh3 36. Qg8 Ke7 37. Qg5+ Ke8 38. f4 exf4 39. Qxf4 Kd8 40. e5 dxe5 41. Qxe5 Nb3 42. d6 Nc1+ 43. Kb1 Rh1 44. Qe7+ Kc8 45. Qf8+ Kb7 46. Be4+ Bc6 47. Bxc6+ Kxc6 48. Qa8+ Kc5 49. Qxh1 1-0


[Site "https://www.chess.com"]

[Event "Titled Tuesday Blitz June 07 Late 2022"]
[White "Bok, Benjamin"]
[Black "Andreikin, Dmitry"]
[WhiteFideId "1017063"]
[BlackFideId "4158814"]
[WhiteElo "2658"]
[BlackElo "2736"]
[Result "0-1"]
[Round "07"]
[TimeControl "180+1"]
[Date "2022.06.07"]
[WhiteClock "0:00:31"]
[BlackClock "0:01:01"]

1. d4 d5 2. c4 e6 3. Nf3 Nf6 4. g3 Be7 5. Bg2 O-O 6. O-O c6 7. Qc2 b6 8. Nbd2 Bb7 9. e4 Nbd7 10. e5 Ne8 11. cxd5 cxd5 12. Re1 Rc8 13. Qd1 Qc7 14. Nf1 Qc2 15. Qxc2 Rxc2 16. Ne3 Rc6 17. Bd2 Nc7 18. Rac1 Rc8 19. Bf1 Nb8 20. Rxc6 Nxc6 21. Rc1 a5 22. a3 Kf8 23. Bd3 h6 24. Kf1 Ba6 25. Ke2 Nb5 26. Kd1 a4 27. Nc2 Nc3+ 28. Bxc3 Bxd3 29. Nb4 Nxb4 30. Bxb4 Be2+ 31. Kxe2 Rxc1 32. Bxe7+ Kxe7 33. Ne1 Kd7 34. Kd2 Rb1 35. Nd3 g5 36. Kc3 Rh1 37. Kb4 Rd1 38. Kc3 h5 0-1


[Site "https://www.chess.com"]

[Event "Titled Tuesday Blitz June 07 Late 2022"]
[White "Dounis, Alexandros"]
[Black "Livaic, Leon"]
[WhiteFideId "4213238"]
[BlackFideId "14531534"]
[WhiteElo "2204"]
[BlackElo "2540"]
[Result "0-1"]
[Round "07"]
[TimeControl "180+1"]
[Date "2022.06.07"]
[WhiteClock "0:00:01"]
[BlackClock "0:00:48"]

1. Nf3 Nf6 2. g3 b6 3. Bg2 Bb7 4. O-O g6 5. d4 Bg7 6. c4 e6 7. Nc3 Ne4 8. Qc2 Nxc3 9. Qxc3 d6 10. b3 O-O 11. Bb2 Nd7 12. Ne1 Bxg2 13. Kxg2 Qe7 14. Qd2 e5 15. e3 a5 16. a3 e4 17. f3 exf3+ 18. Nxf3 Rae8 19. Rae1 Nf6 20. Qc2 Qe4 21. Qxe4 Nxe4 22. Bc1 c6 23. Nd2 f5 24. Nxe4 Rxe4 25. Rf4 Rfe8 26. Rxe4 Rxe4 27. Bd2 Kf7 28. Kf3 Ke6 29. Rc1 Bf8 30. b4 a4 31. h3 h5 32. Rg1 b5 33. cxb5 cxb5 34. Rc1 Kd7 35. Ke2 d5 36. Kd3 Bd6 37. Rg1 Re8 38. g4 fxg4 39. hxg4 h4 40. g5 h3 41. Rh1 h2 42. Be1 Re4 43. Ke2 Rg4 44. Bf2 Rxg5 45. Kf3 Ke6 46. e4 dxe4+ 47. Kxe4 Rf5 48. Be3 g5 49. Re1 g4 50. d5+ Rxd5 51. Bd4 g3 52. Kf3+ Kf5 53. Re4 h1=Q+ 0-1


[Site "https://www.chess.com"]

[Event "Titled Tuesday Blitz June 07 Late 2022"]
[White "Dourerassou, Jonathan"]
[Black "Van Dael, Siem"]
[WhiteFideId "628050"]
[BlackFideId "1049771"]
[WhiteElo "2499"]
[BlackElo "2113"]
[Result "0-1"]
[Round "07"]
[TimeControl "180+1"]
[Date "2022.06.07"]
[WhiteClock "0:01:14"]
[BlackClock "0:00:47"]

1. e4 e5 2. Nf3 Nf6 3. Nxe5 d6 4. Nf3 Nxe4 5. Nc3 Nxc3 6. dxc3 Be7 7. Bf4 O-O 8. Qd2 Nd7 9. O-O-O Nc5 10. Kb1 Ne4 11. Qe3 Nf6 12. h3 c5 13. g4 Be6 14. c4 d5 15. g5 d4 16. Qb3 Ne4 17. Rh2 Nxg5 18. Nxg5 Bxg5 19. Bxg5 Qxg5 20. Rg2 Qh5 21. Re1 Rab8 22. Be2 Qxh3 23. Rg3 Qh2 24. Reg1 g6 25. Qf3 Qh6 26. Rh1 Qg7 27. Bd3 b5 28. cxb5 c4 29. Be4 Rxb5 30. Bc6 Rb6 31. Bd5 d3 32. b3 dxc2+ 33. Kxc2 cxb3+ 34. axb3 Bf5+ 35. Qxf5 gxf5 36. Rxg7+ Kxg7 37. Bc4 Rh8 38. Ra1 Rb7 39. Kd3 h5 40. Ke3 h4 41. Rg1+ Kf6 42. Kf3 h3 43. Rh1 h2 44. Kg2 Rd7 45. Rxh2 Rxh2+ 46. Kxh2 Rd2 47. Kg3 Ke5 48. Bxf7 Ke4 49. Be6 f4+ 50. Kg2 f3+ 51. Kg3 Rd1 52. Kh2 Rf1 53. Kg3 Rg1+ 54. Kh3 Rg2 55. Bc8 Kf4 56. Bb7 a5 57. Bd5 Rxf2 58. Bf7 Rg2 59. Bd5 Rg7 60. Bc4 Rh7# 0-1


[Site "https://www.chess.com"]

[Event "Titled Tuesday Blitz June 07 Late 2022"]
[White "Dubov, Daniil"]
[Black "Nakamura, Hikaru"]
[WhiteFideId "24126055"]
[BlackFideId "2016192"]
[WhiteElo "2791"]
[BlackElo "2850"]
[Result "0-1"]
[Round "07"]
[TimeControl "180+1"]
[Date "2022.06.07"]
[WhiteClock "0:00:02"]
[BlackClock "0:00:08"]

1. c4 Nf6 2. Nc3 e5 3. Nf3 Nc6 4. g3 d5 5. cxd5 Nxd5 6. Bg2 Nf6 7. O-O Be7 8. d3 O-O 9. Be3 Re8 10. Rc1 Bf8 11. Qb3 Nd4 12. Qd1 Bg4 13. Nd2 c6 14. h3 Bh5 15. Re1 Qd7 16. Bg5 Nd5 17. Nb3 f6 18. Bd2 Nxc3 19. bxc3 Ne6 20. Na5 Rac8 21. Qa4 Nc5 22. Qc2 b6 23. Nb3 Ne6 24. d4 exd4 25. cxd4 c5 26. d5 Ng5 27. g4 Bg6 28. e4 c4 29. Nd4 Ba3 30. Rcd1 c3 31. Bxg5 fxg5 32. Nc6 Bc5 33. Qxc3 Rf8 34. Rd2 Qf7 35. Qb2 Qf4 36. e5 h5 37. gxh5 Bxh5 38. Re4 Qf5 39. Rc4 Kh8 40. Rxc5 bxc5 41. Qc3 Rc7 42. d6 Rb7 43. Ne7 Rb1+ 44. Bf1 Qe4 45. Qg3 Be2 46. Qg2 Rxf1+ 47. Qxf1 Bxf1 48. Kxf1 Kh7 0-1


[Site "https://www.chess.com"]

[Event "Titled Tuesday Blitz June 07 Late 2022"]
[White "Goncalves, Davi Sulzbacher"]
[Black "Saveliev, Alexei"]
[WhiteFideId "2154510"]
[BlackFideId "24128546"]
[WhiteElo "2107"]
[BlackElo "2281"]
[Result "0-1"]
[Round "07"]
[TimeControl "180+1"]
[Date "2022.06.07"]
[WhiteClock "0:00:05"]
[BlackClock "0:00:18"]

1. d4 g6 2. e4 Bg7 3. Be3 d6 4. Qd2 Nc6 5. Nc3 e5 6. d5 Nce7 7. O-O-O f5 8. f3 Nf6 9. Bh6 O-O 10. h4 fxe4 11. h5 e3 12. Bxe3 Nxh5 13. g4 Nf4 14. Qh2 h6 15. Nge2 g5 16. Ng3 Neg6 17. Nge4 a6 18. Kb1 b5 19. Ne2 Nh4 20. Qg3 Bb7 21. c4 bxc4 22. N2c3 Nd3 23. Be2 Qe7 24. Nd2 Nf4 25. Bxc4 Rab8 26. Rde1 Nfg2 27. Rxh4 Nxh4 28. Bd3 Bc8 29. Be4 Bd7 30. Ka1 Be8 31. Rh1 Qf6 32. Qe1 Bg6 33. Qe2 Bxe4 34. Ncxe4 Qf7 35. Nc3 a5 36. a3 Qg6 37. Nce4 Nxf3 38. Nc3 Nd4 39. Bxd4 exd4 40. Nce4 d3 41. Qxd3 Rxb2 42. Nc3 Qxd3 0-1


[Site "https://www.chess.com"]

[Event "Titled Tuesday Blitz June 07 Late 2022"]
[White "Hjartarson, Johann"]
[Black "Svane, Frederik"]
[WhiteFideId "2300044"]
[BlackFideId "12923044"]
[WhiteElo "2458"]
[BlackElo "2459"]
[Result "0-1"]
[Round "07"]
[TimeControl "180+1"]
[Date "2022.06.07"]
[WhiteClock "0:00:36"]
[BlackClock "0:00:54"]

1. e4 c5 2. Ne2 Nc6 3. d4 cxd4 4. Nxd4 e6 5. Nc3 a6 6. Be2 d6 7. O-O Nf6 8. Kh1 Be7 9. f4 O-O 10. a4 Bd7 11. Be3 Nxd4 12. Qxd4 Bc6 13. a5 Nd7 14. Qd2 Nc5 15. Bf3 Qc7 16. Ra3 Rfd8 17. b4 Nd7 18. Rc1 d5 19. exd5 Bxb4 20. Rb3 Bxc3 21. Qxc3 exd5 22. Bxd5 Qd6 23. Bxc6 bxc6 24. Qc4 Nf6 25. Bc5 Qd2 26. Rg1 Qxa5 27. Be7 Qd5 28. Qa4 Ne4 29. h3 Re8 30. Bh4 Nc5 0-1


[Site "https://www.chess.com"]

[Event "Titled Tuesday Blitz June 07 Late 2022"]
[White "Ibarra Jerez, Jose Carlos"]
[Black "Grigoriants, Sergey"]
[WhiteFideId "2226332"]
[BlackFideId "4130804"]
[WhiteElo "2628"]
[BlackElo "2502"]
[Result "0-1"]
[Round "07"]
[TimeControl "180+1"]
[Date "2022.06.07"]
[WhiteClock "0:00:03"]
[BlackClock "0:00:10"]

1. Nf3 d5 2. g3 g6 3. Bg2 Bg7 4. c4 dxc4 5. Qa4+ Nc6 6. O-O Nh6 7. Qxc4 Nf5 8. d3 O-O 9. Nc3 e5 10. Bg5 Qd7 11. Rac1 h6 12. Bd2 Ncd4 13. Nxd4 Nxd4 14. Rfe1 c6 15. Ne4 Kh7 16. Bb4 Rd8 17. e3 Nf5 18. Nc5 Qc7 19. Red1 a5 20. Be1 Nd6 21. Qb3 Rb8 22. Qa4 Ra8 23. h3 Bf5 24. g4 Bd7 25. Qb3 Be8 26. Na4 Qe7 27. Nb6 Ra6 28. Nc4 Nxc4 29. Qxc4 Raa8 30. a3 f5 31. Qc5 Qg5 32. Bxa5 Rd7 33. Be1 fxg4 34. hxg4 Qxg4 35. Qc4 Qg5 36. Qe4 Bf7 37. Qf3 Bb3 38. Rd2 Rf8 39. Qg3 Qxg3 40. fxg3 h5 41. Rf2 Rxf2 42. Kxf2 Rxd3 43. Be4 Rd7 44. Bc3 Bd5 45. Bc2 e4 46. Bxg7 Kxg7 47. Rd1 Rf7+ 48. Kg2 Kf6 49. Rf1+ Ke5 50. Rxf7 Bxf7 51. Kh3 g5 52. b4 Be6+ 53. Kg2 Bf5 54. Kf2 b6 55. Bd1 h4 56. gxh4 gxh4 57. Be2 c5 58. bxc5 bxc5 59. a4 Kd6 60. a5 Kc7 61. Bc4 Bd7 62. Kg2 Bf5 63. Kh2 Kb7 64. Kg2 Ka7 65. Kh2 Bd7 66. Kg2 Bg4 67. Kh2 Bc8 68. Kg2 Ba6 69. Bd5 Bd3 70. Kh3 c4 71. Kxh4 c3 72. Bb3 c2 73. Bxc2 Bxc2 74. Kh3 Ka6 75. Kg3 Kxa5 0-1


[Site "https://www.chess.com"]

[Event "Titled Tuesday Blitz June 07 Late 2022"]
[White "Jobava, Baadur"]
[Black "Paravyan, David"]
[WhiteFideId "13601520"]
[BlackFideId "4194985"]
[WhiteElo "2617"]
[BlackElo "2569"]
[Result "1-0"]
[Round "07"]
[TimeControl "180+1"]
[Date "2022.06.07"]
[WhiteClock "0:00:05"]
[BlackClock "0:00:03"]

1. b3 g6 2. Bb2 Nf6 3. c4 Bg7 4. g3 d6 5. Bg2 e5 6. Nf3 c5 7. O-O Nc6 8. Nc3 O-O 9. d3 h6 10. Nd2 Be6 11. Nd5 Rb8 12. e3 Bxd5 13. cxd5 Nb4 14. d4 exd4 15. exd4 Nbxd5 16. dxc5 dxc5 17. Nc4 b5 18. Ne5 Rc8 19. Qf3 c4 20. bxc4 bxc4 21. Bd4 Nb4 22. Rad1 Nd3 23. Nxd3 Qxd4 24. Nb4 Qc5 25. Nc6 Rc7 26. Rfe1 Rfc8 27. Ne5 c3 28. Rc1 Re8 29. Nd3 Rxe1+ 30. Rxe1 Qd4 31. Rc1 h5 32. Rc2 Rd7 33. Bf1 Ng4 34. Kg2 Qd5 35. Be2 Qxf3+ 36. Kxf3 Nxh2+ 37. Ke4 Ng4 38. Bxg4 hxg4 39. Ke3 f5 40. Ke2 Kf7 41. Rc1 Rb7 42. Kd1 Bd4 43. Kc2 Re7 44. Kd1 Rb7 45. Kc2 Kf6 46. Rf1 Re7 47. Kd1 a5 48. a4 Kg5 49. Nf4 Be5 50. Nd3 Kf6 51. Kc2 Bd4 52. Nf4 Rb7 53. Kd3 Be5 54. Nd5+ Ke6 55. Ne3 Rd7+ 56. Kc4 Rd2 57. Kb5 Bd4 58. Re1 Kf7 59. Nc4 Rxf2 60. Kxa5 c2 61. Kb5 Rg2 62. Rc1 Bf6 63. a5 Rxg3 64. Rxc2 Rb3+ 65. Kc6 g3 66. a6 Bd4 67. Rd2 Bf2 68. Nd6+ Kf6 69. Nb5 Rxb5 70. Kxb5 g2 71. a7 g1=Q 72. a8=Q Qb1+ 73. Kc4 Qc1+ 74. Kd3 Qf1+ 75. Kc2 Qc4+ 76. Kd1 Qg4+ 77. Re2 Bc5 78. Qc6+ Kg5 79. Qxc5 Qa4+ 80. Kd2 Qa2+ 81. Ke3 Qb3+ 82. Kf2 Kg4 83. Qe3 Qb8 84. Qf3+ Kh4 85. Kg2 1-0


[Site "https://www.chess.com"]

[Event "Titled Tuesday Blitz June 07 Late 2022"]
[White "Jocev, Milan"]
[Black "Vajda, Levente"]
[WhiteFideId "900680"]
[BlackFideId "1203975"]
[WhiteElo "2322"]
[BlackElo "2573"]
[Result "1-0"]
[Round "07"]
[TimeControl "180+1"]
[Date "2022.06.07"]
[WhiteClock "0:00:24"]
[BlackClock "0:00:11"]

1. c4 Nf6 2. e3 g6 3. Nf3 Bg7 4. Be2 O-O 5. O-O d6 6. a3 Nbd7 7. b4 a5 8. Bb2 e5 9. d4 e4 10. Nfd2 c6 11. Nc3 d5 12. f3 axb4 13. axb4 Rxa1 14. Qxa1 exf3 15. Bxf3 Nb6 16. c5 Nbd7 17. b5 Qe7 18. Re1 h5 19. Qa8 Nxc5 20. dxc5 Bg4 21. Qa3 Bxf3 22. Nxf3 Ng4 23. bxc6 bxc6 24. Nd1 Bxb2 25. Qxb2 Qxc5 26. h3 Nh6 27. Qd4 Qd6 28. Qf4 Qxf4 29. exf4 Ra8 30. Ne3 Kg7 31. Rc1 Ra3 32. Kf2 Ra2+ 33. Rc2 Rxc2+ 34. Nxc2 Nf5 35. Ncd4 Ne7 36. Nb3 f6 37. Nfd4 Kf7 38. Nc5 f5 39. Nf3 Kf6 40. Ke3 Nc8 41. Ne5 Na7 42. h4 Ke7 43. Nb7 Kf6 44. g3 Kg7 45. Nd8 Kf6 46. Ndxc6 Nb5 47. Nd4 Nc3 48. Kf3 Ne4 49. Nd3 Nd2+ 50. Kg2 Ne4 51. Nb4 Nc3 52. Kf3 Ke7 53. Nbc6+ Kf6 54. Nb4 Ke7 55. Ke3 Kd6 56. Nd3 Ne4 57. Ne2 Ke7 58. Ne5 Kf6 59. Kd4 Nd2 60. Kxd5 Nf1 61. Kd4 Nd2 62. Kd3 Ne4 63. Ke3 Nd6 64. Nf3 Ne4 65. Ng5 Nd6 66. Nc3 Nc4+ 67. Kd4 Nd2 68. Nd5+ Kg7 69. Ne3 Nb3+ 70. Kd5 Nd2 71. Ke6 Nb3 72. Nf1 Nd4+ 73. Kd5 Nb5 74. Ne6+ Kf6 75. Nd4 Nc3+ 76. Kc4 Ne4 77. Ne2 Ke6 78. Ne3 Nd2+ 79. Kd3 Ne4 80. Nc2 Nf2+ 81. Ke3 Ne4 82. Ncd4+ Kf6 83. Nc6 Ke6 84. Ne5 Kf6 85. Kf3 Nd2+ 86. Kg2 Ne4 87. Nd4 Nd2 88. Nb5 Ne4 89. Nc7 Nd6 90. Nd5+ Ke6 91. Nb6 Kf6 92. Nbc4 Ne4 93. Kf3 Nc5 94. Nd6 Ke6 95. Ne8 Ke7 96. Nc7 Kf6 97. Nb5 Ne4 98. Nd4 Nd2+ 99. Kg2 Ne4 100. Ndf3 Nd6 101. Ng5 Ne4 102. Nxe4+ fxe4 103. Kf2 Ke6 104. Nc4 Kd5 105. Ne3+ Kd4 106. f5 gxf5 107. Nxf5+ Kd3 108. Ne3 Kd2 109. g4 hxg4 110. Nxg4 Kd3 111. h5 e3+ 112. Nxe3 Ke4 113. h6 Kf4 114. h7 1-0


[Site "https://www.chess.com"]

[Event "Titled Tuesday Blitz June 07 Late 2022"]
[White "Korchmar, Vasiliy"]
[Black "Ozdemir, Serhan Berat"]
[WhiteFideId "24131750"]
[BlackFideId "6374611"]
[WhiteElo "2370"]
[BlackElo "1920"]
[Result "1-0"]
[Round "07"]
[TimeControl "180+1"]
[Date "2022.06.07"]
[WhiteClock "0:00:04"]
[BlackClock "0:00:02"]

1. e4 c5 2. Nf3 e6 3. g3 d5 4. exd5 exd5 5. d4 Nc6 6. Bg2 Bg4 7. O-O cxd4 8. Nbd2 Nf6 9. Nb3 Qb6 10. Re1+ Ne4 11. h3 Bh5 12. g4 Bg6 13. Nfxd4 Be7 14. Be3 O-O 15. Ne6 Qb4 16. Nxf8 Bxf8 17. c3 Qd6 18. Nd4 Re8 19. Qb3 Ne5 20. Rad1 h5 21. Nf5 Qe6 22. Qxd5 Qxd5 23. Rxd5 Nf6 24. Nh4 Nxd5 25. Bxd5 Nd3 26. Rd1 Nxb2 27. Rd2 Be4 28. Bxe4 Nc4 29. Rd4 Nxe3 30. fxe3 Bc5 31. Rc4 Bxe3+ 32. Kg2 hxg4 33. hxg4 b5 34. Bc6 bxc4 35. Bxe8 Bd2 36. Bb5 Bxc3 37. Bxc4 Kf8 38. Kf3 g6 39. Ke4 Ke7 40. Nf3 f5+ 41. gxf5 gxf5+ 42. Kxf5 Kd6 43. Ke4 Kc5 44. Bg8 Kb6 45. Kd3 Bf6 46. Kc4 Kc6 47. Nd4+ Kb6 48. Nb3 Be7 49. Bd5 Bd6 50. Nd2 Bf4 51. Ne4 Be5 52. Nc3 a6 53. Bf3 Ka5 54. Bd1 Bd6 55. Nd5 Be5 56. Ne7 Bd6 57. Nf5 Bf8 58. Nd4 Kb6 59. Ne6 Be7 60. Kd5 Kb5 61. Nc7+ Ka5 62. Be2 Ka4 63. Nxa6 Ka3 64. Bc4 Bf8 65. Nc5 Bg7 66. Ne6 Bb2 67. Nd4 Bc1 68. Nc2+ Ka4 69. Bb3+ Ka5 70. Ke4 Bb2 71. Kd3 Bg7 72. Ne3 Bf8 73. Nc4+ Kb4 74. Kc2 Bg7 75. Ne3 Ka3 76. Nd5 Bf8 77. Nc3 Kb4 78. Nb1 Ka5 79. Bf7 Kb4 80. Be8 Ka5 81. a4 Bb4 82. Nc3 Ka6 83. Kb3 Ka5 84. Nd5 Bd6 85. Ne3 1-0


[Site "https://www.chess.com"]

[Event "Titled Tuesday Blitz June 07 Late 2022"]
[White "Licznerski, Lukasz"]
[Black "Daggupati, Balaji"]
[WhiteFideId "1179250"]
[BlackFideId "2090759"]
[WhiteElo "2387"]
[BlackElo "2710"]
[Result "0-1"]
[Round "07"]
[TimeControl "180+1"]
[Date "2022.06.07"]
[WhiteClock "0:01:01"]
[BlackClock "0:01:46"]

1. e4 c5 2. Nf3 e6 3. d4 cxd4 4. Nxd4 Nf6 5. Nc3 Nc6 6. Ndb5 d6 7. Bf4 e5 8. Bg5 a6 9. Na3 Be7 10. Bxf6 Bxf6 11. Nc4 Nd4 12. Nd5 b5 13. Nce3 Bg5 14. c3 Nc6 15. a4 bxa4 16. Qxa4 Bd7 17. Nc4 O-O 18. Ncb6 Ra7 19. Nxd7 Qxd7 20. Bc4 Rb8 21. b3 Bd8 0-1


[Site "https://www.chess.com"]

[Event "Titled Tuesday Blitz June 07 Late 2022"]
[White "Lobanov, Sergei"]
[Black "De Souza, Regis Gabetta"]
[WhiteFideId "24183750"]
[BlackFideId "22756930"]
[WhiteElo "2524"]
[BlackElo "1926"]
[Result "1-0"]
[Round "07"]
[TimeControl "180+1"]
[Date "2022.06.07"]
[WhiteClock "0:00:18"]
[BlackClock "0:00:02"]

1. e4 c5 2. Nf3 e6 3. d4 cxd4 4. Nxd4 a6 5. Bd3 Bc5 6. Nb3 Ba7 7. Nc3 Nc6 8. Bf4 d6 9. Qe2 Nf6 10. O-O-O e5 11. Bg3 O-O 12. h3 Be6 13. Kb1 Qc7 14. Bh4 Bxb3 15. axb3 Nd4 16. Qd2 Ne8 17. Nd5 Qd7 18. Be7 Nc7 19. Nxc7 Qxc7 20. Bxf8 Rxf8 21. Bc4 b5 22. Bd5 a5 23. c3 Nc6 24. Bxc6 Qxc6 25. Qd5 Qxd5 26. Rxd5 Bc5 27. f3 f5 28. exf5 Rxf5 29. Kc2 h5 30. Ra1 h4 31. Rxa5 Rg5 32. Rd2 b4 33. Rb5 Kh7 34. cxb4 Be3 35. Re2 Bd4 36. Rb8 Rg6 37. b5 d5 38. Kd3 Rd6 39. Rc2 Ba7 40. Ra8 Bg1 41. Rc6 Rd7 42. Rb8 Re7 43. b6 e4+ 44. fxe4 dxe4+ 45. Ke2 Re5 46. Rc4 Rb5 47. b4 Bh2 48. Rb7 Bd6 49. Rxe4 Bxb4 50. Rxh4+ Kg6 51. Rg4+ Kf5 52. Rgxg7 Bd6 53. Rbf7+ Ke6 54. b7 Rxb2+ 55. Kd3 Be5 56. Re7+ Kd6 57. Rxe5 Kxe5 58. h4 1-0


[Site "https://www.chess.com"]

[Event "Titled Tuesday Blitz June 07 Late 2022"]
[White "Makarian, Rudik"]
[Black "Jaracz, Pawel"]
[WhiteFideId "44105681"]
[BlackFideId "1102222"]
[WhiteElo "2398"]
[BlackElo "2459"]
[Result "0-1"]
[Round "07"]
[TimeControl "180+1"]
[Date "2022.06.07"]
[WhiteClock "0:00:26"]
[BlackClock "0:00:18"]

1. b3 d5 2. Bb2 Bg4 3. f3 Bf5 4. e4 dxe4 5. Nc3 e3 6. dxe3 Qxd1+ 7. Kxd1 Nc6 8. e4 O-O-O+ 9. Kc1 Be6 10. Bb5 Nd4 11. Nge2 Nxe2+ 12. Nxe2 Nf6 13. Nf4 Bd7 14. Bxd7+ Nxd7 15. c4 e6 16. Kc2 Bd6 17. Nd3 f6 18. Rad1 h5 19. e5 Nxe5 20. Bxe5 Bxe5 21. Nxe5 fxe5 22. Rhe1 Rxd1 23. Kxd1 Kd7 24. Rxe5 Ke7 25. Ke2 Kf6 26. Ra5 a6 27. h4 e5 28. Rd5 Ke6 29. Ke3 c6 30. Rd2 Rg8 31. c5 g5 32. Rd6+ Kf5 33. Rh6 gxh4 34. Rxh5+ Ke6 35. Kf2 Kd5 36. b4 a5 37. Rxh4 axb4 38. Rxb4 Rg7 39. Re4 Rg5 40. g4 Kxc5 41. Kg3 b5 42. Kh4 Rg8 43. Rxe5+ Kd4 44. Re7 Rf8 45. Kg3 c5 46. g5 c4 47. f4 Rc8 48. Rd7+ Ke4 49. Rd1 c3 50. Kg4 c2 51. Re1+ Kd3 52. f5 c1=Q 53. Rxc1 Rxc1 54. g6 Ke4 55. f6 Rg1+ 56. Kh5 Kf5 57. f7 Rh1# 0-1


[Site "https://www.chess.com"]

[Event "Titled Tuesday Blitz June 07 Late 2022"]
[White "Maksimovic, Bojan"]
[Black "Golubovskis, Maksims"]
[WhiteFideId "14408120"]
[BlackFideId "11608528"]
[WhiteElo "2453"]
[BlackElo "2102"]
[Result "1-0"]
[Round "07"]
[TimeControl "180+1"]
[Date "2022.06.07"]
[WhiteClock "0:02:56"]
[BlackClock "0:02:35"]

1. c4 Nf6 2. Nc3 c5 3. g3 d5 4. cxd5 Nxd5 5. Bg2 Nc7 6. Nf3 Nc6 7. O-O e5 8. b3 Be7 9. Bb2 O-O 10. Rc1 b6 11. d3 f6 12. Nd2 Bb7 13. Nc4 Qd6 14. Nxd6 1-0


[Site "https://www.chess.com"]

[Event "Titled Tuesday Blitz June 07 Late 2022"]
[White "Maltsevskaya, Aleksandra"]
[Black "Hansen, Eric"]
[WhiteFideId "24174041"]
[BlackFideId "2606771"]
[WhiteElo "2243"]
[BlackElo "2568"]
[Result "0-1"]
[Round "07"]
[TimeControl "180+1"]
[Date "2022.06.07"]
[WhiteClock "0:00:01"]
[BlackClock "0:00:09"]

1. e4 c5 2. Nf3 e6 3. d4 cxd4 4. Nxd4 a6 5. Bd3 Qb6 6. Nb3 Qc7 7. c4 d6 8. Nc3 Nf6 9. O-O b6 10. a4 Nbd7 11. a5 bxa5 12. Nxa5 Be7 13. Be3 Rb8 14. Qd2 Nc5 15. Rfb1 O-O 16. Bc2 Ng4 17. Bf4 Ne5 18. b4 Ncd7 19. Bd3 Rd8 20. Bf1 h6 21. b5 Nc5 22. bxa6 Rxb1 23. Nxb1 Nxe4 24. Qd4 Nc5 25. a7 Qxa7 26. Bxe5 dxe5 27. Nc6 Qc7 28. Nxe7+ Kf8 29. Ra7 Qxe7 30. Rxe7 exd4 31. Rc7 Na6 32. Ra7 d3 33. Nd2 Nc5 34. f3 f5 35. Rc7 Na6 36. Ra7 g5 37. Kf2 Nc5 38. Rc7 Nd7 39. g3 Nf6 40. h3 e5 41. Ke3 f4+ 42. gxf4 exf4+ 43. Kf2 Bf5 44. Rc5 Bg6 45. Re5 Kf7 46. c5 Nd7 47. Rd5 Ke7 48. c6 Nf6 49. Rxd8 Kxd8 50. Nc4 Kc7 51. Ne5 Bf5 52. Bxd3 Bxh3 53. Nf7 Be6 54. Nxh6 Bd5 55. Nf5 Kxc6 56. Ne7+ Kd6 57. Nxd5 Kxd5 58. Bf5 Ke5 59. Bh3 Kd4 60. Ke2 Nd5 61. Bf5 Nc3+ 62. Kf2 Nd1+ 63. Ke2 Ne3 64. Bh3 Kc3 65. Be6 Nc2 66. Bh3 Nd4+ 67. Kf2 Kd2 68. Bd7 Nc2 69. Bg4 Ne1 70. Bf5 Nd3+ 71. Kg2 Ke2 72. Be4 Ke3 73. Bd5 Kd4 74. Be4 Ke3 0-1


[Site "https://www.chess.com"]

[Event "Titled Tuesday Blitz June 07 Late 2022"]
[White "Manelyuk, Daniil"]
[Black "Bjelobrk, Igor"]
[WhiteFideId "44173920"]
[BlackFideId "4300726"]
[WhiteElo "2209"]
[BlackElo "2335"]
[Result "0-1"]
[Round "07"]
[TimeControl "180+1"]
[Date "2022.06.07"]
[WhiteClock "0:00:02"]
[BlackClock "0:00:57"]

1. e4 e5 2. Nf3 Nc6 3. Bb5 a6 4. Ba4 Bc5 5. O-O Nge7 6. c3 Ng6 7. d4 Ba7 8. Bg5 f6 9. Be3 O-O 10. Nbd2 d6 11. Bb3+ Kh8 12. d5 Nce7 13. c4 f5 14. Bxa7 Rxa7 15. h3 Nf4 16. Kh2 Neg6 17. Bc2 Qf6 18. exf5 Bxf5 19. Ne4 Qe7 20. Neg5 e4 21. Re1 Nxg2 22. Kxg2 exf3+ 23. Nxf3 Nf4+ 24. Kh2 Qf6 25. Re3 Raa8 26. Bxf5 Qxf5 27. Nd4 Qf6 28. Qd2 Rae8 29. Rae1 Re5 30. Rxe5 dxe5 31. Ne2 Nxh3 32. Ng3 Nxf2 33. Qe2 Qh6+ 34. Kg2 Qh3+ 35. Kg1 Qxg3+ 0-1


[Site "https://www.chess.com"]

[Event "Titled Tuesday Blitz June 07 Late 2022"]
[White "Matlakov, Maxim"]
[Black "Xiong, Jeffery"]
[WhiteFideId "4168003"]
[BlackFideId "2047640"]
[WhiteElo "2669"]
[BlackElo "2714"]
[Result "0-1"]
[Round "07"]
[TimeControl "180+1"]
[Date "2022.06.07"]
[WhiteClock "0:00:01"]
[BlackClock "0:00:06"]

1. d4 d5 2. Nf3 e6 3. c4 dxc4 4. e3 a6 5. Bxc4 Nf6 6. O-O c5 7. Be2 b6 8. Ne5 Bb7 9. Bf3 Qc7 10. Nc3 Be7 11. Qa4+ Nfd7 12. Nxd7 Nxd7 13. Bxb7 Qxb7 14. dxc5 b5 15. Qg4 Nf6 16. Qf4 Bxc5 17. b3 O-O 18. Bb2 Rfd8 19. Rfd1 Be7 20. h3 h6 21. Rac1 Rac8 22. Qe5 Rxd1+ 23. Rxd1 Rc5 24. Qf4 Rf5 25. Qh2 Qc6 26. Qb8+ Kh7 27. Rc1 Bd6 28. Qa7 Bc5 29. Ne2 Ne4 30. Nd4 Bxa7 31. Nxc6 Rxf2 32. Be5 Bxe3 33. Re1 Bc5 34. Kh2 Nd2 0-1


[Site "https://www.chess.com"]

[Event "Titled Tuesday Blitz June 07 Late 2022"]
[White "Rohl Montes, Juan Armando"]
[Black "Badelka, Olga"]
[WhiteFideId "3900487"]
[BlackFideId "13509926"]
[WhiteElo "2359"]
[BlackElo "2165"]
[Result "1/2-1/2"]
[Round "07"]
[TimeControl "180+1"]
[Date "2022.06.07"]
[WhiteClock "0:01:41"]
[BlackClock "0:00:24"]

1. e4 c5 2. c3 Nf6 3. e5 Nd5 4. Nf3 e6 5. d4 cxd4 6. cxd4 d6 7. Bc4 Nc6 8. O-O Nb6 9. Bb3 dxe5 10. dxe5 Qxd1 11. Rxd1 Na5 12. Bc2 Bd7 13. Be4 Bc6 14. Nc3 Bb4 15. Bxc6+ Nxc6 16. Ne4 Rd8 17. Bg5 Rxd1+ 18. Rxd1 h6 19. Be3 Nd5 20. Bc5 Bxc5 21. Nxc5 b6 22. Ne4 Kd7 23. g3 Rd8 24. Kf1 Ke7 25. Ke2 f5 26. exf6+ gxf6 27. Rc1 Rc8 28. Nc3 Nxc3+ 29. Rxc3 Kd7 30. Rd3+ Ke7 31. Rc3 Kd7 32. Rd3+ Ke7 33. Rc3 1/2-1/2


[Site "https://www.chess.com"]